[ AOE2 MATCH · #467437739 ]
UnrankedVietnamese vs Britons
Player's team · LOSS
[ REPLAY ANALYSIS · EXTRACTED FROM THE RECORDED GAME ]
Feudal
11:34
Castle
15:29
Imperial
29:23
| APM avg | 36.8 |
| APM peak | 83 |
| eAPM avg | 27.2 |
| Villagers / military | 192 / 188 |
Focus
⚔️ 32.4% · 🌾 67.6%
Fire Lancer ×169 · Battering Ram ×11 · Spearman ×5 · Rattan Archer ×3 · Trade Cart ×1
Feudal
10:08
Castle
13:38
Imperial
26:21
| APM avg | 32.1 |
| APM peak | 66 |
| eAPM avg | 19.1 |
| Villagers / military | 138 / 182 |
Focus
⚔️ 32.8% · 🌾 67.2%
Militia ×65 · Longbowman ×40 · Skirmisher ×38 · Archer ×31 · Trebuchet (Packed) ×6 · Monk ×2
Feudal
10:31
Castle
14:13
Imperial
30:13
| APM avg | 64.5 |
| APM peak | 132 |
| eAPM avg | 41.2 |
| Villagers / military | 170 / 181 |
Focus
⚔️ 53.6% · 🌾 46.4%
Cavalry Archer ×61 · Scout Cavalry ×59 · Skirmisher ×53 · Monk ×4 · Trebuchet (Packed) ×4
Feudal
10:05
Castle
20:21
Imperial
29:39
| APM avg | 30.5 |
| APM peak | 81 |
| eAPM avg | 22.8 |
| Villagers / military | 119 / 12 |
Focus
⚔️ 24.5% · 🌾 75.5%
Camel Archer ×5 · Trebuchet (Packed) ×5 · Knight ×2
Feudal
11:46
Castle
15:20
Imperial
31:16
| APM avg | 34.0 |
| APM peak | 83 |
| eAPM avg | 20.8 |
| Villagers / military | 176 / 21 |
Focus
⚔️ 22.3% · 🌾 77.7%
Throwing Axeman ×10 · Battering Ram ×4 · Mangonel ×3 · Hand Cannoneer ×2 · Trebuchet (Packed) ×2
Feudal
11:47
Castle
15:21
Imperial
28:26
| APM avg | 42.5 |
| APM peak | 81 |
| eAPM avg | 31.3 |
| Villagers / military | 187 / 83 |
Focus
⚔️ 24.8% · 🌾 75.2%
Spearman ×49 · Mangonel ×16 · Battering Ram ×11 · Trebuchet (Packed) ×5 · Petard ×2
Feudal
12:01
Castle
15:39
Imperial
32:16
| APM avg | 28.6 |
| APM peak | 63 |
| eAPM avg | 16.6 |
| Villagers / military | 126 / 69 |
Focus
⚔️ 35.3% · 🌾 64.7%
Conquistador ×32 · Knight ×31 · Petard ×6
Feudal
7:13
Castle
23:52
Imperial
36:24
| APM avg | 47.3 |
| APM peak | 83 |
| eAPM avg | 30.4 |
| Villagers / military | 191 / 20 |
Focus
⚔️ 36.2% · 🌾 63.8%
Archer ×13 · Mangonel ×6 · Skirmisher ×1
Match map
Initial resources + every placement click. Lines = walls · curves = elevation contours. ◆ gold · ⬟ stone · ● berries · ✦ relic · ◌ wall gap
Your base· ✓ Closed at 15:29 · 13t walls · 2 gate(s)
Mo_Tastic's base· ✓ Closed at 13:38 · 0t walls · 3 gate(s)
VENÓN | EnvyZ's base· ✓ Closed at 14:13 · 0t walls · 3 gate(s)
fouseyfire's base· ✓ Closed at 20:21 · 26t walls · 3 gate(s)
Ux'Caguamas's base· ✓ Closed at 15:20 · 22t walls · 3 gate(s)
VENÓN | SiNisTeR's base· ✓ Closed at 15:21 · 0t walls · 2 gate(s)
BruToO's base· ✓ Closed at 15:39 · 10t walls · 2 gate(s)
VENÓN | Miauricio's base· ✓ Closed at 23:52 · 1t walls · 4 gate(s)
Smoothed initial terrain · ◌ = detected wall gap · hover for details
Inputs per minute
— VENÓN | AsMelodiant - - Mo_Tastic
Build order — VENÓN | AsMelodiant
First 150 of 496 actions detected
| 0:02 | Create | Villager (Male) |
| 0:02 | Create | Villager (Male) |
| 0:04 | Build | House |
| 0:05 | Build | House |
| 0:08 | Create | Villager (Male) |
| 0:44 | Create | Villager (Male) |
| 1:25 | Create | Villager (Male) |
| 1:25 | Create | Villager (Male) |
| 1:55 | Build | Lumber Camp |
| 2:19 | Create | Villager (Male) |
| 2:19 | Create | Villager (Male) |
| 2:19 | Create | Villager (Male) |
| 2:47 | Create | Villager (Male) |
| 2:47 | Create | Villager (Male) |
| 3:33 | Create | Villager (Male) |
| 3:34 | Create | Villager (Male) |
| 3:34 | Create | Villager (Male) |
| 3:39 | Build | House |
| 3:40 | Build | House |
| 3:41 | Build | House |
| 4:03 | Create | Villager (Male) |
| 4:19 | Create | Villager (Male) |
| 4:20 | Create | Villager (Male) |
| 4:53 | Create | Villager (Male) |
| 4:59 | Build | Palisade Wall |
| 5:00 | Build | Palisade Wall |
| 5:00 | Build | Palisade Wall |
| 5:01 | Build | Palisade Wall |
| 5:04 | Build | Palisade Wall |
| 5:06 | Build | Palisade Wall |
| 5:06 | Build | Palisade Wall |
| 5:09 | Build | Palisade Wall |
| 5:10 | Build | Palisade Wall |
| 5:15 | Create | Villager (Male) |
| 5:18 | Build | Mill |
| 5:38 | Create | Villager (Male) |
| 5:55 | Build | Palisade Wall |
| 5:57 | Build | Palisade Wall |
| 5:59 | Create | Villager (Male) |
| 6:00 | Create | Villager (Male) |
| 6:05 | Build | Palisade Wall |
| 6:08 | Build | Palisade Wall |
| 6:14 | Build | Farm |
| 6:35 | Create | Villager (Male) |
| 6:37 | Build | Farm |
| 7:00 | Create | Villager (Male) |
| 7:27 | Create | Villager (Male) |
| 7:52 | Create | Villager (Male) |
| 8:00 | Build | Mining Camp |
| 8:50 | Create | Villager (Male) |
| 8:53 | Research | Feudal Age |
| 8:53 | Research | Feudal Age |
| 9:15 | Build | Farm |
| 9:16 | Build | Farm |
| 9:32 | Build | Farm |
| 10:18 | Research | Loom |
| 11:34 | Create | Villager (Male) |
| 11:34 | Age | Feudal Age |
| 11:40 | Build | Market |
| 11:41 | Build | Blacksmith |
| 11:53 | Create | Villager (Male) |
| 12:37 | Build | Mining Camp |
| 12:40 | Research | Castle Age |
| 12:40 | Research | Castle Age |
| 13:38 | Research | Double-Bit Axe |
| 13:39 | Research | Horse Collar |
| 13:41 | Research | Stone Mining |
| 14:12 | Build | House |
| 14:13 | Build | House |
| 14:14 | Build | House |
| 14:22 | Create | Villager (Male) |
| 14:23 | Create | Villager (Male) |
| 15:10 | Build | Farm |
| 15:21 | Build | House |
| 15:22 | Build | House |
| 15:22 | Build | House |
| 15:29 | Age | Castle Age |
| 15:38 | Build | Town Center |
| 15:49 | Build | Town Center |
| 15:57 | Create | Villager (Male) |
| 16:05 | Research | Bow Saw |
| 16:10 | Research | Wheelbarrow |
| 16:24 | Build | House |
| 16:24 | Build | House |
| 16:50 | Create | Villager (Male) |
| 16:58 | Build | Farm |
| 17:01 | Build | Farm |
| 17:02 | Build | Farm |
| 17:08 | Create | Villager (Male) |
| 17:08 | Create | Villager (Male) |
| 17:08 | Create | Villager (Male) |
| 17:09 | Create | Villager (Male) |
| 17:29 | Create | Villager (Male) |
| 17:29 | Create | Villager (Male) |
| 17:31 | Build | Farm |
| 17:41 | Build | Farm |
| 17:53 | Build | Farm |
| 17:54 | Build | Farm |
| 17:54 | Build | Farm |
| 17:56 | Build | Farm |
| 18:00 | Build | Farm |
| 18:05 | Create | Villager (Male) |
| 18:18 | Create | Villager (Male) |
| 18:23 | Build | Farm |
| 18:32 | Create | Villager (Male) |
| 18:32 | Create | Villager (Male) |
| 18:40 | Build | House |
| 18:45 | Create | Villager (Male) |
| 18:55 | Create | Villager (Male) |
| 18:58 | Build | Farm |
| 19:04 | Create | Villager (Male) |
| 19:04 | Create | Villager (Male) |
| 19:25 | Create | Villager (Male) |
| 19:25 | Build | Farm |
| 19:29 | Create | Villager (Male) |
| 19:31 | Build | House |
| 19:32 | Build | House |
| 19:45 | Build | Castle |
| 19:49 | Create | Villager (Male) |
| 19:49 | Create | Villager (Male) |
| 19:49 | Create | Villager (Male) |
| 19:58 | Build | Town Center |
| 20:14 | Create | Villager (Male) |
| 20:14 | Create | Villager (Male) |
| 20:17 | Build | House |
| 20:18 | Build | House |
| 20:21 | Create | Villager (Male) |
| 20:25 | Create | Villager (Male) |
| 20:25 | Create | Villager (Male) |
| 20:36 | Build | Farm |
| 20:37 | Build | Farm |
| 20:40 | Create | Villager (Male) |
| 20:55 | Create | Villager (Male) |
| 20:55 | Create | Villager (Male) |
| 20:56 | Create | Villager (Male) |
| 21:04 | Build | Farm |
| 21:09 | Build | Farm |
| 21:12 | Build | Farm |
| 21:15 | Create | Villager (Male) |
| 21:15 | Create | Villager (Male) |
| 21:23 | Create | Villager (Male) |
| 21:27 | Create | Villager (Male) |
| 21:33 | Build | Mining Camp |
| 21:36 | Create | Villager (Male) |
| 21:36 | Create | Villager (Male) |
| 21:44 | Create | Villager (Male) |
| 21:44 | Create | Villager (Male) |
| 21:55 | Create | Villager (Male) |
| 22:01 | Build | Farm |
| 22:01 | Build | Farm |
Build order — Mo_Tastic
First 150 of 414 actions detected
| 0:03 | Create | Villager (Male) |
| 0:03 | Create | Villager (Male) |
| 0:05 | Build | House |
| 0:06 | Build | House |
| 0:30 | Create | Villager (Male) |
| 0:30 | Create | Villager (Male) |
| 1:42 | Create | Villager (Male) |
| 1:48 | Build | Lumber Camp |
| 1:53 | Create | Villager (Male) |
| 2:09 | Create | Villager (Male) |
| 2:41 | Create | Villager (Male) |
| 2:49 | Create | Villager (Male) |
| 2:49 | Create | Villager (Male) |
| 3:25 | Build | House |
| 3:26 | Build | House |
| 3:27 | Build | House |
| 3:37 | Create | Villager (Male) |
| 3:37 | Create | Villager (Male) |
| 4:36 | Create | Villager (Male) |
| 4:37 | Create | Villager (Male) |
| 4:37 | Create | Villager (Male) |
| 4:37 | Create | Villager (Male) |
| 4:40 | Create | Villager (Male) |
| 4:42 | Build | Mill |
| 6:08 | Build | Mill |
| 6:17 | Create | Villager (Male) |
| 6:39 | Create | Villager (Male) |
| 6:58 | Create | Villager (Male) |
| 7:17 | Research | Loom |
| 7:18 | Research | Feudal Age |
| 7:36 | Build | Mining Camp |
| 10:06 | Create | Villager (Male) |
| 10:08 | Create | Villager (Male) |
| 10:08 | Age | Feudal Age |
| 10:10 | Build | Market |
| 10:13 | Build | Blacksmith |
| 10:56 | Research | Castle Age |
| 11:08 | Research | Double-Bit Axe |
| 11:29 | Build | Farm |
| 11:33 | Build | Farm |
| 11:45 | Build | Farm |
| 11:57 | Research | Horse Collar |
| 11:57 | Research | Horse Collar |
| 13:29 | Create | Villager (Male) |
| 13:38 | Age | Castle Age |
| 13:39 | Build | Town Center |
| 13:44 | Build | Town Center |
| 13:46 | Research | Bow Saw |
| 14:13 | Create | Villager (Male) |
| 14:14 | Create | Villager (Male) |
| 14:20 | Build | Monastery |
| 14:44 | Build | Farm |
| 14:53 | Build | House |
| 14:55 | Build | House |
| 15:04 | Create | Monk |
| 15:09 | Create | Villager (Male) |
| 15:16 | Build | Farm |
| 15:18 | Create | Villager (Male) |
| 15:19 | Create | Villager (Male) |
| 15:28 | Build | Farm |
| 15:32 | Create | Villager (Male) |
| 15:35 | Create | Villager (Male) |
| 15:36 | Create | Villager (Male) |
| 15:41 | Build | Farm |
| 15:42 | Create | Villager (Male) |
| 15:47 | Build | Farm |
| 16:00 | Build | Farm |
| 16:03 | Build | Farm |
| 16:08 | Build | House |
| 16:09 | Build | House |
| 16:21 | Create | Villager (Male) |
| 16:27 | Create | Villager (Male) |
| 16:29 | Build | Farm |
| 16:30 | Build | Farm |
| 16:34 | Build | Farm |
| 16:37 | Build | Farm |
| 16:41 | Build | Farm |
| 16:51 | Build | Farm |
| 16:52 | Create | Villager (Male) |
| 16:58 | Build | Farm |
| 16:58 | Create | Villager (Male) |
| 17:06 | Build | House |
| 17:07 | Build | House |
| 17:17 | Build | Farm |
| 17:18 | Create | Villager (Male) |
| 17:18 | Create | Villager (Male) |
| 17:40 | Create | Villager (Male) |
| 17:40 | Create | Villager (Male) |
| 17:44 | Build | Farm |
| 17:45 | Build | Farm |
| 17:47 | Build | Farm |
| 17:48 | Create | Villager (Male) |
| 17:57 | Build | Farm |
| 17:58 | Create | Villager (Male) |
| 18:09 | Create | Villager (Male) |
| 18:19 | Build | Town Center |
| 18:19 | Create | Villager (Male) |
| 18:20 | Create | Villager (Male) |
| 18:27 | Build | Farm |
| 18:28 | Create | Villager (Male) |
| 18:32 | Build | Farm |
| 18:34 | Create | Villager (Male) |
| 18:39 | Create | Villager (Male) |
| 18:45 | Create | Villager (Male) |
| 18:53 | Build | Farm |
| 18:58 | Create | Villager (Male) |
| 18:59 | Create | Villager (Male) |
| 19:02 | Create | Villager (Male) |
| 19:02 | Create | Villager (Male) |
| 19:10 | Create | Villager (Male) |
| 19:14 | Build | Farm |
| 19:16 | Create | Villager (Male) |
| 19:22 | Build | Farm |
| 19:37 | Research | Wheelbarrow |
| 19:40 | Create | Villager (Male) |
| 19:40 | Create | Villager (Male) |
| 19:43 | Build | Farm |
| 19:46 | Build | Farm |
| 19:48 | Build | Farm |
| 19:49 | Create | Villager (Male) |
| 19:52 | Build | Farm |
| 19:53 | Create | Villager (Male) |
| 20:01 | Create | Villager (Male) |
| 20:05 | Build | Farm |
| 20:09 | Build | Farm |
| 20:11 | Create | Villager (Male) |
| 20:11 | Create | Villager (Male) |
| 20:23 | Create | Villager (Male) |
| 20:27 | Create | Villager (Male) |
| 20:27 | Create | Villager (Male) |
| 20:31 | Build | Farm |
| 20:32 | Build | Farm |
| 20:34 | Build | Farm |
| 20:35 | Create | Villager (Male) |
| 20:51 | Create | Villager (Male) |
| 20:54 | Build | Lumber Camp |
| 20:59 | Create | Villager (Male) |
| 21:10 | Build | Mining Camp |
| 21:11 | Create | Villager (Male) |
| 21:14 | Create | Villager (Male) |
| 21:19 | Create | Villager (Male) |
| 21:22 | Build | Farm |
| 21:26 | Create | Villager (Male) |
| 21:32 | Create | Villager (Male) |
| 21:32 | Create | Villager (Male) |
| 21:35 | Build | Farm |
| 21:42 | Build | Farm |
| 21:45 | Create | Villager (Male) |
| 21:59 | Create | Villager (Male) |
| 22:12 | Build | University |
Build order — VENÓN | EnvyZ
First 150 of 618 actions detected
| 0:01 | Create | Villager (Male) |
| 0:01 | Create | Villager (Male) |
| 0:02 | Create | Villager (Male) |
| 0:02 | Create | Villager (Male) |
| 0:02 | Create | Villager (Male) |
| 0:03 | Build | House |
| 0:04 | Build | House |
| 1:25 | Create | Villager (Male) |
| 1:57 | Create | Villager (Male) |
| 2:13 | Create | Villager (Male) |
| 2:45 | Create | Villager (Male) |
| 3:01 | Create | Villager (Male) |
| 3:32 | Create | Villager (Male) |
| 3:50 | Build | House |
| 3:56 | Create | Villager (Male) |
| 3:56 | Create | Villager (Male) |
| 4:04 | Build | House |
| 4:24 | Create | Villager (Male) |
| 4:24 | Create | Villager (Male) |
| 4:24 | Create | Villager (Male) |
| 4:43 | Build | Mill |
| 4:49 | Create | Villager (Male) |
| 4:59 | Create | Villager (Male) |
| 5:21 | Create | Villager (Male) |
| 5:58 | Build | Farm |
| 6:08 | Create | Villager (Male) |
| 6:47 | Create | Villager (Male) |
| 6:51 | Build | Farm |
| 7:19 | Create | Villager (Male) |
| 7:53 | Create | Villager (Male) |
| 7:55 | Build | House |
| 8:12 | Research | Feudal Age |
| 9:16 | Build | Barracks |
| 9:25 | Build | Barracks |
| 10:27 | Create | Villager (Male) |
| 10:27 | Create | Villager (Male) |
| 10:31 | Age | Feudal Age |
| 10:39 | Build | Stable |
| 10:43 | Build | Blacksmith |
| 11:33 | Research | Castle Age |
| 11:36 | Build | House |
| 12:13 | Research | Horse Collar |
| 12:17 | Build | Farm |
| 12:18 | Build | Farm |
| 12:19 | Build | Farm |
| 12:22 | Build | Farm |
| 12:25 | Build | Farm |
| 12:49 | Build | Farm |
| 12:58 | Research | Double-Bit Axe |
| 13:20 | Create | Scout Cavalry |
| 13:30 | Build | Farm |
| 13:37 | Build | Farm |
| 13:38 | Create | Scout Cavalry |
| 13:44 | Build | House |
| 14:04 | Create | Villager (Male) |
| 14:13 | Age | Castle Age |
| 14:14 | Build | Farm |
| 14:24 | Create | Villager (Male) |
| 14:51 | Build | Monastery |
| 14:58 | Create | Villager (Male) |
| 15:12 | Create | Villager (Male) |
| 15:16 | Research | Bow Saw |
| 15:33 | Create | Scout Cavalry |
| 15:37 | Create | Villager (Male) |
| 15:42 | Build | Farm |
| 15:43 | Create | Monk |
| 15:54 | Create | Villager (Male) |
| 16:01 | Build | Farm |
| 16:09 | Create | Villager (Male) |
| 16:27 | Build | Farm |
| 16:27 | Create | Villager (Male) |
| 16:35 | Create | Villager (Male) |
| 16:43 | Create | Monk |
| 16:53 | Build | Town Center |
| 17:05 | Create | Villager (Male) |
| 17:18 | Create | Villager (Male) |
| 17:31 | Build | House |
| 17:32 | Build | House |
| 17:33 | Create | Villager (Male) |
| 17:38 | Build | Monastery |
| 17:49 | Build | Monastery |
| 17:51 | Create | Villager (Male) |
| 17:51 | Create | Villager (Male) |
| 17:56 | Build | Farm |
| 18:03 | Create | Villager (Male) |
| 18:08 | Create | Monk |
| 18:18 | Create | Villager (Male) |
| 18:18 | Create | Villager (Male) |
| 18:23 | Build | Farm |
| 18:24 | Build | Farm |
| 18:25 | Create | Villager (Male) |
| 18:30 | Create | Villager (Male) |
| 18:40 | Create | Villager (Male) |
| 18:40 | Create | Villager (Male) |
| 18:43 | Build | House |
| 18:48 | Build | Farm |
| 18:51 | Create | Villager (Male) |
| 18:54 | Create | Villager (Male) |
| 18:58 | Create | Villager (Male) |
| 19:03 | Build | Town Center |
| 19:07 | Create | Villager (Male) |
| 19:09 | Create | Villager (Male) |
| 19:15 | Create | Villager (Male) |
| 19:24 | Create | Villager (Male) |
| 19:28 | Build | Farm |
| 19:32 | Build | Farm |
| 19:33 | Build | Farm |
| 19:35 | Create | Villager (Male) |
| 19:35 | Create | Villager (Male) |
| 19:38 | Build | House |
| 19:40 | Create | Villager (Male) |
| 19:44 | Create | Monk |
| 19:47 | Create | Villager (Male) |
| 19:53 | Build | Farm |
| 19:55 | Create | Villager (Male) |
| 19:58 | Build | Farm |
| 20:04 | Create | Villager (Male) |
| 20:05 | Create | Villager (Male) |
| 20:06 | Create | Villager (Male) |
| 20:09 | Build | House |
| 20:22 | Research | Wheelbarrow |
| 20:22 | Research | Wheelbarrow |
| 20:23 | Create | Villager (Male) |
| 20:23 | Create | Villager (Male) |
| 20:27 | Build | Mule Cart |
| 20:30 | Create | Villager (Male) |
| 20:32 | Build | Farm |
| 20:33 | Build | Farm |
| 20:39 | Research | Heavy Plow |
| 20:44 | Build | Farm |
| 20:45 | Build | Farm |
| 20:49 | Create | Villager (Male) |
| 20:49 | Create | Villager (Male) |
| 20:51 | Build | House |
| 20:52 | Create | Villager (Male) |
| 21:03 | Create | Villager (Male) |
| 21:03 | Create | Villager (Male) |
| 21:13 | Create | Villager (Male) |
| 21:16 | Create | Villager (Male) |
| 21:19 | Create | Villager (Male) |
| 21:23 | Build | House |
| 21:24 | Build | House |
| 21:28 | Create | Villager (Male) |
| 21:35 | Build | Mule Cart |
| 21:41 | Create | Villager (Male) |
| 21:47 | Build | Archery Range |
| 21:48 | Create | Villager (Male) |
| 21:59 | Research | Gold Mining |
| 22:00 | Research | Stone Mining |
| 22:02 | Create | Villager (Male) |
Build order — fouseyfire
First 150 of 248 actions detected
| 0:00 | Create | Villager (Male) |
| 0:00 | Create | Villager (Male) |
| 0:01 | Create | Villager (Male) |
| 0:02 | Build | House |
| 0:03 | Build | House |
| 0:06 | Create | Villager (Male) |
| 1:28 | Create | Villager (Male) |
| 1:47 | Build | Lumber Camp |
| 2:00 | Create | Villager (Male) |
| 2:15 | Create | Villager (Male) |
| 2:44 | Create | Villager (Male) |
| 2:44 | Create | Villager (Male) |
| 2:56 | Create | Villager (Male) |
| 3:28 | Create | Villager (Male) |
| 3:28 | Create | Villager (Male) |
| 3:34 | Create | Villager (Male) |
| 4:24 | Create | Villager (Male) |
| 4:25 | Create | Villager (Male) |
| 4:32 | Create | Villager (Male) |
| 4:37 | Build | House |
| 5:22 | Create | Villager (Male) |
| 5:41 | Create | Villager (Male) |
| 5:42 | Create | Villager (Male) |
| 5:42 | Create | Villager (Male) |
| 5:47 | Build | Mill |
| 5:52 | Build | House |
| 7:19 | Research | Loom |
| 7:32 | Research | Feudal Age |
| 7:42 | Build | Mining Camp |
| 8:02 | Build | Palisade Wall |
| 8:21 | Build | Palisade Wall |
| 8:23 | Build | Palisade Wall |
| 8:23 | Build | Palisade Wall |
| 8:33 | Build | Palisade Gate |
| 9:04 | Build | Palisade Wall |
| 9:33 | Build | House |
| 9:51 | Build | Mining Camp |
| 10:03 | Create | Villager (Male) |
| 10:05 | Age | Feudal Age |
| 10:19 | Build | Watch Tower |
| 10:27 | Build | Blacksmith |
| 10:35 | Create | Villager (Male) |
| 11:01 | Create | Villager (Male) |
| 11:09 | Build | Watch Tower |
| 11:14 | Build | Market |
| 11:21 | Create | Villager (Male) |
| 11:35 | Create | Villager (Male) |
| 11:50 | Research | Horse Collar |
| 11:55 | Build | House |
| 12:04 | Build | Farm |
| 12:12 | Build | Farm |
| 12:26 | Build | Farm |
| 12:39 | Create | Villager (Male) |
| 12:41 | Build | Farm |
| 12:52 | Build | Stone Wall |
| 12:53 | Build | Stone Wall |
| 12:53 | Build | Stone Wall |
| 12:53 | Build | Stone Wall |
| 12:54 | Build | Stone Wall |
| 12:54 | Build | Stone Wall |
| 12:55 | Build | Stone Wall |
| 12:55 | Build | Stone Wall |
| 12:55 | Build | Stone Wall |
| 12:55 | Build | Stone Wall |
| 12:56 | Build | Stone Wall |
| 12:59 | Create | Villager (Male) |
| 13:01 | Build | Farm |
| 13:13 | Create | Villager (Male) |
| 13:13 | Create | Villager (Male) |
| 13:15 | Build | Farm |
| 13:23 | Create | Villager (Male) |
| 13:26 | Build | House |
| 13:46 | Build | Farm |
| 14:15 | Build | Farm |
| 14:38 | Build | Farm |
| 14:39 | Create | Villager (Male) |
| 14:47 | Build | Farm |
| 14:51 | Build | Farm |
| 15:10 | Create | Villager (Male) |
| 15:14 | Build | Mill |
| 15:36 | Create | Villager (Male) |
| 15:59 | Create | Villager (Male) |
| 16:16 | Build | Farm |
| 16:19 | Build | Farm |
| 16:24 | Research | Wheelbarrow |
| 17:35 | Research | Castle Age |
| 17:35 | Research | Castle Age |
| 18:11 | Build | Lumber Camp |
| 18:46 | Research | Double-Bit Axe |
| 18:54 | Research | Stone Mining |
| 18:54 | Research | Gold Mining |
| 20:12 | Build | House |
| 20:12 | Create | Villager (Male) |
| 20:16 | Research | Town Watch |
| 20:21 | Age | Castle Age |
| 20:26 | Build | Town Center |
| 20:27 | Research | Bow Saw |
| 20:36 | Build | Town Center |
| 20:41 | Create | Villager (Male) |
| 20:48 | Create | Villager (Male) |
| 20:57 | Build | House |
| 20:57 | Build | House |
| 21:11 | Create | Villager (Male) |
| 21:28 | Create | Villager (Male) |
| 21:39 | Build | Town Center |
| 21:45 | Create | Villager (Male) |
| 21:52 | Build | House |
| 21:53 | Build | House |
| 21:54 | Build | House |
| 21:55 | Create | Villager (Male) |
| 21:56 | Create | Villager (Male) |
| 21:56 | Create | Villager (Male) |
| 21:56 | Create | Villager (Male) |
| 21:56 | Create | Villager (Male) |
| 22:00 | Create | Villager (Male) |
| 22:00 | Create | Villager (Male) |
| 22:01 | Create | Villager (Male) |
| 22:03 | Create | Villager (Male) |
| 22:09 | Create | Villager (Male) |
| 22:30 | Create | Villager (Male) |
| 22:33 | Build | Farm |
| 22:35 | Build | Farm |
| 22:36 | Create | Villager (Male) |
| 22:39 | Build | House |
| 22:44 | Research | Stone Shaft Mining |
| 22:50 | Create | Villager (Male) |
| 22:54 | Build | Farm |
| 22:55 | Create | Villager (Male) |
| 22:58 | Build | Farm |
| 23:02 | Create | Villager (Male) |
| 23:15 | Create | Villager (Male) |
| 23:18 | Build | Farm |
| 23:20 | Build | Farm |
| 23:29 | Create | Villager (Male) |
| 23:30 | Create | Villager (Male) |
| 23:32 | Create | Villager (Male) |
| 23:39 | Create | Villager (Male) |
| 23:48 | Create | Villager (Male) |
| 23:48 | Create | Villager (Male) |
| 23:56 | Build | Farm |
| 23:56 | Build | Farm |
| 23:59 | Build | Farm |
| 24:00 | Create | Villager (Male) |
| 24:03 | Build | House |
| 24:05 | Build | House |
| 24:06 | Create | Villager (Male) |
| 24:07 | Create | Villager (Male) |
| 24:13 | Build | Farm |
| 24:13 | Build | Farm |
| 24:15 | Create | Villager (Male) |
Build order — Ux'Caguamas
First 150 of 368 actions detected
| 0:01 | Create | Villager (Male) |
| 0:01 | Create | Villager (Male) |
| 0:02 | Build | House |
| 0:03 | Build | House |
| 0:13 | Create | Villager (Male) |
| 0:13 | Create | Villager (Male) |
| 1:30 | Create | Villager (Male) |
| 1:31 | Create | Villager (Male) |
| 1:49 | Build | Lumber Camp |
| 2:02 | Create | Villager (Male) |
| 2:02 | Create | Villager (Male) |
| 2:19 | Create | Villager (Male) |
| 2:20 | Create | Villager (Male) |
| 2:47 | Create | Villager (Male) |
| 2:48 | Create | Villager (Male) |
| 3:18 | Create | Villager (Male) |
| 3:37 | Create | Villager (Male) |
| 3:37 | Create | Villager (Male) |
| 3:49 | Build | House |
| 3:50 | Build | House |
| 3:56 | Create | Villager (Male) |
| 4:16 | Build | Mill |
| 4:27 | Create | Villager (Male) |
| 4:27 | Create | Villager (Male) |
| 4:28 | Create | Villager (Male) |
| 4:30 | Build | House |
| 4:48 | Create | Villager (Male) |
| 5:36 | Create | Villager (Male) |
| 5:36 | Create | Villager (Male) |
| 5:42 | Build | Mill |
| 6:14 | Create | Villager (Male) |
| 6:14 | Create | Villager (Male) |
| 6:14 | Create | Villager (Male) |
| 6:48 | Build | Lumber Camp |
| 7:23 | Create | Villager (Male) |
| 7:47 | Create | Villager (Male) |
| 7:59 | Build | Mining Camp |
| 8:17 | Create | Villager (Male) |
| 8:18 | Create | Villager (Male) |
| 8:18 | Create | Villager (Male) |
| 9:10 | Research | Feudal Age |
| 9:28 | Build | Farm |
| 9:29 | Build | Farm |
| 9:32 | Build | Farm |
| 10:01 | Create | Villager (Male) |
| 10:01 | Create | Villager (Male) |
| 11:46 | Age | Feudal Age |
| 11:49 | Build | Market |
| 11:51 | Build | Blacksmith |
| 12:08 | Research | Double-Bit Axe |
| 12:09 | Research | Double-Bit Axe |
| 12:28 | Build | House |
| 12:28 | Build | House |
| 12:40 | Research | Castle Age |
| 12:40 | Research | Castle Age |
| 13:41 | Research | Loom |
| 13:52 | Build | Palisade Wall |
| 13:56 | Build | Palisade Wall |
| 13:58 | Build | Palisade Wall |
| 14:04 | Build | Palisade Wall |
| 14:09 | Build | Palisade Wall |
| 14:10 | Build | Palisade Wall |
| 15:20 | Age | Castle Age |
| 15:21 | Build | Town Center |
| 15:23 | Research | Bow Saw |
| 15:25 | Build | Town Center |
| 15:29 | Build | Farm |
| 15:30 | Build | Farm |
| 15:35 | Build | Farm |
| 15:35 | Build | Farm |
| 15:39 | Build | Farm |
| 15:40 | Build | Farm |
| 15:41 | Build | Farm |
| 15:42 | Build | Farm |
| 15:48 | Build | Farm |
| 15:50 | Build | Farm |
| 15:52 | Create | Villager (Male) |
| 16:05 | Build | Farm |
| 16:07 | Build | Farm |
| 16:15 | Create | Villager (Male) |
| 16:24 | Create | Villager (Male) |
| 16:26 | Create | Villager (Male) |
| 16:44 | Build | House |
| 16:47 | Build | House |
| 16:48 | Build | House |
| 16:50 | Create | Villager (Male) |
| 16:50 | Create | Villager (Male) |
| 16:51 | Create | Villager (Male) |
| 16:52 | Create | Villager (Male) |
| 16:58 | Build | House |
| 17:02 | Build | House |
| 17:04 | Build | House |
| 17:07 | Create | Villager (Male) |
| 17:07 | Create | Villager (Male) |
| 17:07 | Create | Villager (Male) |
| 17:22 | Build | Farm |
| 17:23 | Build | Farm |
| 17:31 | Create | Villager (Male) |
| 17:32 | Create | Villager (Male) |
| 17:35 | Build | Mining Camp |
| 17:51 | Create | Villager (Male) |
| 17:52 | Create | Villager (Male) |
| 17:59 | Build | Farm |
| 18:00 | Build | Farm |
| 18:01 | Build | Farm |
| 18:20 | Build | House |
| 18:25 | Build | House |
| 18:27 | Build | House |
| 18:30 | Create | Villager (Male) |
| 18:30 | Create | Villager (Male) |
| 18:30 | Create | Villager (Male) |
| 18:30 | Create | Villager (Male) |
| 18:37 | Build | Farm |
| 18:49 | Create | Villager (Male) |
| 18:49 | Create | Villager (Male) |
| 18:57 | Build | Farm |
| 19:05 | Create | Villager (Male) |
| 19:05 | Create | Villager (Male) |
| 19:05 | Create | Villager (Male) |
| 19:09 | Build | Farm |
| 19:22 | Create | Villager (Male) |
| 19:32 | Build | Farm |
| 19:34 | Create | Villager (Male) |
| 19:35 | Create | Villager (Male) |
| 19:35 | Create | Villager (Male) |
| 19:39 | Build | Lumber Camp |
| 19:41 | Build | Farm |
| 19:55 | Create | Villager (Male) |
| 19:56 | Create | Villager (Male) |
| 20:00 | Create | Villager (Male) |
| 20:08 | Build | Farm |
| 20:20 | Build | Farm |
| 20:21 | Build | Farm |
| 20:25 | Create | Villager (Male) |
| 20:26 | Create | Villager (Male) |
| 20:26 | Create | Villager (Male) |
| 20:28 | Create | Villager (Male) |
| 20:33 | Build | Siege Workshop |
| 20:42 | Research | Town Watch |
| 20:42 | Create | Villager (Male) |
| 20:42 | Create | Villager (Male) |
| 20:47 | Build | Farm |
| 20:50 | Build | Farm |
| 20:51 | Create | Villager (Male) |
| 20:59 | Create | Mangonel |
| 21:10 | Create | Villager (Male) |
| 21:10 | Create | Villager (Male) |
| 21:10 | Create | Villager (Male) |
| 21:20 | Build | Farm |
| 21:22 | Build | Farm |
Build order — VENÓN | SiNisTeR
First 150 of 486 actions detected
| 0:01 | Create | Villager (Male) |
| 0:01 | Create | Villager (Male) |
| 0:03 | Build | House |
| 0:03 | Build | House |
| 0:13 | Create | Villager (Male) |
| 0:13 | Create | Villager (Male) |
| 0:13 | Create | Villager (Male) |
| 1:11 | Create | Villager (Male) |
| 1:42 | Create | Villager (Male) |
| 1:43 | Create | Villager (Male) |
| 1:47 | Build | Lumber Camp |
| 2:04 | Create | Villager (Male) |
| 2:04 | Create | Villager (Male) |
| 2:36 | Create | Villager (Male) |
| 2:36 | Create | Villager (Male) |
| 3:00 | Create | Villager (Male) |
| 3:00 | Create | Villager (Male) |
| 3:31 | Create | Villager (Male) |
| 3:31 | Create | Villager (Male) |
| 3:33 | Build | House |
| 3:34 | Build | House |
| 3:39 | Build | House |
| 3:54 | Create | Villager (Male) |
| 3:55 | Create | Villager (Male) |
| 4:23 | Build | Mill |
| 4:27 | Create | Villager (Male) |
| 4:46 | Create | Villager (Male) |
| 4:47 | Create | Villager (Male) |
| 5:09 | Create | Villager (Male) |
| 5:23 | Create | Villager (Male) |
| 5:33 | Build | Lumber Camp |
| 5:39 | Create | Villager (Male) |
| 5:39 | Create | Villager (Male) |
| 5:49 | Create | Villager (Male) |
| 5:49 | Create | Villager (Male) |
| 5:49 | Create | Villager (Male) |
| 6:02 | Create | Villager (Male) |
| 6:02 | Create | Villager (Male) |
| 6:30 | Create | Villager (Male) |
| 6:30 | Create | Villager (Male) |
| 7:10 | Create | Villager (Male) ×2 |
| 7:53 | Create | Villager (Male) |
| 9:16 | Build | Mining Camp |
| 9:21 | Research | Feudal Age |
| 10:01 | Create | Villager (Male) |
| 10:01 | Create | Villager (Male) |
| 10:32 | Build | Farm |
| 10:33 | Build | Farm |
| 10:33 | Build | Farm |
| 10:34 | Build | Farm |
| 10:37 | Build | Farm |
| 11:24 | Build | House |
| 11:47 | Age | Feudal Age |
| 11:51 | Build | Market |
| 11:52 | Build | Blacksmith |
| 12:41 | Research | Castle Age |
| 12:49 | Research | Horse Collar |
| 12:49 | Research | Horse Collar |
| 12:49 | Research | Horse Collar |
| 13:10 | Build | Farm |
| 13:13 | Build | Farm |
| 13:16 | Build | Farm |
| 13:17 | Build | Farm |
| 13:26 | Research | Double-Bit Axe |
| 13:26 | Research | Double-Bit Axe |
| 13:26 | Research | Double-Bit Axe |
| 14:03 | Build | House |
| 14:48 | Create | Villager (Male) |
| 15:21 | Age | Castle Age |
| 15:23 | Research | Bow Saw |
| 15:23 | Research | Bow Saw |
| 15:24 | Research | Heavy Plow |
| 15:24 | Research | Heavy Plow |
| 15:24 | Research | Heavy Plow |
| 15:28 | Build | Town Center |
| 15:33 | Build | Town Center |
| 15:34 | Research | Bow Saw |
| 15:35 | Research | Bow Saw |
| 15:35 | Create | Villager (Male) |
| 15:38 | Build | Town Center |
| 15:59 | Create | Villager (Male) |
| 16:12 | Build | Farm |
| 16:16 | Build | Farm |
| 16:23 | Create | Villager (Male) |
| 16:27 | Create | Villager (Male) |
| 16:29 | Create | Villager (Male) |
| 16:39 | Create | Villager (Male) |
| 16:40 | Build | Farm |
| 16:48 | Build | Farm |
| 16:53 | Create | Villager (Male) |
| 16:53 | Create | Villager (Male) |
| 17:08 | Build | Farm |
| 17:10 | Create | Villager (Male) |
| 17:10 | Create | Villager (Male) |
| 17:12 | Build | Farm |
| 17:17 | Build | Farm |
| 17:20 | Create | Villager (Male) |
| 17:20 | Create | Villager (Male) |
| 17:22 | Build | Farm |
| 17:30 | Create | Villager (Male) |
| 17:30 | Create | Villager (Male) |
| 17:38 | Build | Farm |
| 17:45 | Build | Farm |
| 17:47 | Create | Villager (Male) |
| 17:47 | Create | Villager (Male) |
| 17:51 | Build | Farm |
| 17:52 | Create | Villager (Male) |
| 17:59 | Create | Villager (Male) ×2 |
| 17:59 | Create | Villager (Male) ×2 |
| 18:02 | Build | Farm |
| 18:04 | Create | Villager (Male) |
| 18:07 | Build | Farm |
| 18:13 | Build | Farm |
| 18:14 | Create | Villager (Male) |
| 18:15 | Create | Villager (Male) |
| 18:19 | Build | Farm |
| 18:20 | Create | Villager (Male) |
| 18:20 | Create | Villager (Male) |
| 18:21 | Build | Farm |
| 18:30 | Build | House |
| 18:30 | Create | Villager (Male) |
| 18:35 | Build | Farm |
| 18:42 | Create | Villager (Male) |
| 18:42 | Create | Villager (Male) |
| 18:46 | Build | Farm |
| 18:48 | Create | Villager (Male) |
| 18:48 | Create | Villager (Male) |
| 18:53 | Build | Farm |
| 18:54 | Create | Villager (Male) |
| 18:54 | Create | Villager (Male) |
| 19:02 | Create | Villager (Male) |
| 19:02 | Create | Villager (Male) |
| 19:08 | Build | House |
| 19:09 | Build | Farm |
| 19:10 | Create | Villager (Male) |
| 19:10 | Create | Villager (Male) |
| 19:17 | Create | Villager (Male) |
| 19:17 | Create | Villager (Male) |
| 19:20 | Build | Farm |
| 19:23 | Create | Villager (Male) |
| 19:23 | Create | Villager (Male) |
| 19:23 | Create | Villager (Male) |
| 19:28 | Create | Villager (Male) |
| 19:31 | Build | Farm |
| 19:36 | Build | Farm |
| 19:37 | Create | Villager (Male) |
| 19:40 | Create | Villager (Male) |
| 19:40 | Create | Villager (Male) |
| 19:40 | Create | Villager (Male) |
| 19:49 | Create | Villager (Male) |
Build order — BruToO
First 150 of 322 actions detected
| 0:25 | Build | House |
| 0:27 | Build | House |
| 0:40 | Create | Villager (Male) ×4 |
| 1:57 | Create | Villager (Male) |
| 2:18 | Create | Villager (Male) |
| 2:18 | Create | Villager (Male) |
| 2:24 | Build | Lumber Camp |
| 2:50 | Create | Villager (Male) |
| 3:15 | Create | Villager (Male) |
| 3:37 | Create | Villager (Male) |
| 4:14 | Build | House |
| 4:15 | Build | House |
| 4:18 | Create | Villager (Male) |
| 4:29 | Create | Villager (Male) |
| 4:37 | Build | Mill |
| 5:00 | Build | Palisade Wall |
| 5:01 | Build | Palisade Wall |
| 5:02 | Build | Palisade Wall |
| 5:09 | Create | Villager (Male) |
| 5:15 | Build | Palisade Wall |
| 5:19 | Build | Palisade Wall |
| 5:32 | Build | Palisade Wall |
| 5:37 | Create | Villager (Male) |
| 5:38 | Create | Villager (Male) |
| 5:39 | Build | Palisade Wall |
| 5:41 | Build | Palisade Wall |
| 5:44 | Build | Palisade Wall |
| 5:46 | Build | Palisade Wall |
| 6:13 | Build | Mining Camp |
| 6:21 | Create | Villager (Male) |
| 6:28 | Create | Villager (Male) |
| 6:53 | Create | Villager (Male) |
| 7:05 | Create | Villager (Male) |
| 7:20 | Create | Villager (Male) |
| 7:33 | Create | Villager (Male) |
| 8:35 | Create | Villager (Male) |
| 9:15 | Create | Villager (Male) |
| 9:28 | Research | Feudal Age |
| 10:16 | Build | House |
| 10:58 | Build | Farm |
| 11:00 | Build | Farm |
| 12:01 | Age | Feudal Age |
| 12:05 | Build | Market |
| 12:09 | Build | Blacksmith |
| 12:09 | Create | Villager (Male) |
| 12:10 | Create | Villager (Male) |
| 12:13 | Research | Horse Collar |
| 12:15 | Build | Farm |
| 12:15 | Build | Farm |
| 12:25 | Create | Villager (Male) |
| 12:30 | Build | Mining Camp |
| 12:47 | Build | House |
| 12:52 | Research | Castle Age |
| 13:21 | Build | Farm |
| 13:36 | Build | Farm |
| 13:54 | Research | Double-Bit Axe |
| 15:00 | Build | Farm |
| 15:01 | Build | Farm |
| 15:39 | Age | Castle Age |
| 15:44 | Create | Villager (Male) |
| 15:44 | Create | Villager (Male) |
| 15:51 | Build | Castle |
| 16:10 | Build | Farm |
| 16:10 | Build | Farm |
| 16:12 | Create | Villager (Male) |
| 16:15 | Build | Farm |
| 16:18 | Create | Villager (Male) |
| 16:29 | Build | Farm |
| 17:07 | Create | Villager (Male) |
| 17:12 | Build | Farm |
| 17:13 | Create | Conquistador |
| 17:13 | Create | Conquistador |
| 17:22 | Create | Villager (Male) |
| 17:32 | Build | Farm |
| 17:35 | Create | Conquistador |
| 17:53 | Create | Conquistador |
| 17:55 | Create | Villager (Male) |
| 18:08 | Create | Petard |
| 18:08 | Create | Petard |
| 18:16 | Create | Petard |
| 18:40 | Create | Villager (Male) |
| 18:45 | Create | Villager (Male) |
| 18:45 | Create | Villager (Male) |
| 18:51 | Build | Town Center |
| 18:54 | Create | Conquistador |
| 19:11 | Create | Conquistador |
| 19:30 | Create | Villager (Male) |
| 19:31 | Create | Conquistador |
| 19:32 | Create | Villager (Male) |
| 19:33 | Create | Villager (Male) |
| 19:35 | Create | Villager (Male) |
| 19:49 | Create | Villager (Male) |
| 19:49 | Create | Villager (Male) |
| 20:06 | Create | Conquistador |
| 20:07 | Create | Villager (Male) |
| 20:22 | Create | Villager (Male) |
| 20:23 | Build | Farm |
| 20:23 | Build | Farm |
| 20:24 | Build | Farm |
| 20:24 | Build | Farm |
| 20:50 | Create | Villager (Male) |
| 20:57 | Build | Town Center |
| 21:00 | Create | Villager (Male) |
| 21:06 | Build | Farm |
| 21:06 | Build | Farm |
| 21:06 | Build | Farm |
| 21:25 | Create | Petard |
| 21:25 | Create | Conquistador |
| 21:25 | Create | Conquistador |
| 21:34 | Create | Conquistador |
| 21:53 | Create | Villager (Male) |
| 21:55 | Build | Lumber Camp |
| 22:08 | Create | Conquistador |
| 22:32 | Create | Petard |
| 22:39 | Create | Villager (Male) |
| 22:39 | Create | Villager (Male) |
| 22:41 | Build | Farm |
| 22:42 | Build | Farm |
| 22:43 | Create | Villager (Male) |
| 22:45 | Create | Conquistador |
| 22:55 | Create | Villager (Male) |
| 23:00 | Create | Villager (Male) |
| 23:03 | Build | Farm |
| 23:03 | Build | Farm |
| 23:03 | Build | Farm |
| 23:03 | Build | Farm |
| 23:08 | Create | Conquistador |
| 23:17 | Create | Villager (Male) |
| 23:35 | Build | House |
| 23:36 | Build | House |
| 23:37 | Build | House |
| 23:51 | Create | Villager (Male) |
| 23:51 | Create | Villager (Male) |
| 23:55 | Research | Wheelbarrow |
| 23:55 | Research | Loom |
| 23:56 | Create | Villager (Male) |
| 23:58 | Build | Farm |
| 23:58 | Build | Farm |
| 23:59 | Build | Farm |
| 23:59 | Create | Villager (Male) |
| 24:10 | Create | Conquistador |
| 24:29 | Create | Conquistador |
| 24:32 | Create | Villager (Male) |
| 24:49 | Create | Petard |
| 24:49 | Create | Conquistador |
| 24:55 | Create | Villager (Male) |
| 24:55 | Create | Villager (Male) |
| 24:59 | Build | House |
| 24:59 | Build | House |
| 25:02 | Build | Farm |
Build order — VENÓN | Miauricio
First 150 of 399 actions detected
| 0:03 | Create | Villager (Male) |
| 0:03 | Create | Villager (Male) |
| 0:05 | Build | House |
| 0:06 | Build | House |
| 0:13 | Create | Villager (Male) |
| 0:13 | Create | Villager (Male) |
| 1:32 | Create | Villager (Male) |
| 1:49 | Build | Mill |
| 1:52 | Create | Villager (Male) |
| 1:52 | Create | Villager (Male) |
| 2:10 | Create | Villager (Male) |
| 2:19 | Create | Villager (Male) |
| 2:37 | Create | Villager (Male) |
| 2:51 | Create | Villager (Male) |
| 3:16 | Create | Villager (Male) |
| 3:30 | Create | Villager (Male) |
| 3:56 | Build | Lumber Camp |
| 4:01 | Create | Villager (Male) |
| 4:18 | Research | Loom |
| 4:58 | Research | Feudal Age |
| 5:26 | Build | House |
| 6:54 | Create | Villager (Male) |
| 7:05 | Create | Villager (Male) |
| 7:11 | Create | Villager (Male) |
| 7:13 | Age | Feudal Age |
| 7:14 | Build | Watch Tower |
| 7:33 | Research | Double-Bit Axe |
| 7:34 | Research | Double-Bit Axe |
| 7:35 | Create | Villager (Male) |
| 7:35 | Create | Villager (Male) |
| 7:57 | Create | Villager (Male) |
| 8:09 | Create | Villager (Male) |
| 8:25 | Create | Villager (Male) |
| 8:46 | Build | House |
| 8:47 | Create | Villager (Male) |
| 8:47 | Create | Villager (Male) |
| 8:59 | Build | House |
| 9:00 | Build | House |
| 9:07 | Build | House |
| 9:10 | Create | Villager (Male) |
| 9:30 | Create | Villager (Male) |
| 9:35 | Create | Villager (Male) |
| 9:36 | Create | Villager (Male) |
| 9:46 | Create | Villager (Male) |
| 10:11 | Create | Villager (Male) |
| 10:20 | Build | Palisade Gate |
| 10:35 | Build | Mining Camp |
| 10:45 | Create | Villager (Male) |
| 11:03 | Build | Palisade Gate |
| 11:09 | Build | Watch Tower |
| 11:20 | Create | Villager (Male) |
| 11:33 | Create | Villager (Male) |
| 11:48 | Research | Horse Collar |
| 11:50 | Create | Villager (Male) |
| 11:50 | Create | Villager (Male) |
| 11:57 | Build | Palisade Gate |
| 12:03 | Build | Gate |
| 12:06 | Create | Villager (Male) |
| 12:06 | Create | Villager (Male) |
| 12:26 | Create | Villager (Male) |
| 12:27 | Create | Villager (Male) |
| 12:49 | Build | Barracks |
| 12:50 | Create | Villager (Male) |
| 12:57 | Build | Watch Tower |
| 12:58 | Create | Villager (Male) |
| 13:20 | Create | Villager (Male) |
| 13:23 | Create | Villager (Male) |
| 13:27 | Build | Mining Camp |
| 13:31 | Build | House |
| 13:36 | Research | Town Watch |
| 13:47 | Create | Villager (Male) |
| 14:03 | Build | Archery Range |
| 14:03 | Create | Villager (Male) |
| 14:10 | Create | Villager (Male) |
| 14:26 | Create | Villager (Male) |
| 14:47 | Create | Villager (Male) |
| 14:50 | Create | Villager (Male) |
| 14:55 | Build | Blacksmith |
| 14:57 | Build | House |
| 15:00 | Create | Archer |
| 15:00 | Create | Archer |
| 15:01 | Create | Villager (Male) |
| 15:01 | Create | Villager (Male) |
| 15:02 | Create | Villager (Male) |
| 15:06 | Create | Villager (Male) |
| 15:06 | Create | Villager (Male) |
| 15:22 | Build | House |
| 15:23 | Build | House |
| 15:25 | Build | House |
| 15:25 | Build | House |
| 15:27 | Create | Archer |
| 15:44 | Build | Farm |
| 15:44 | Create | Villager (Male) |
| 15:52 | Create | Archer |
| 15:53 | Create | Villager (Male) |
| 15:53 | Create | Villager (Male) |
| 15:58 | Build | Watch Tower |
| 16:03 | Build | Farm |
| 16:10 | Create | Villager (Male) |
| 16:10 | Create | Villager (Male) |
| 16:24 | Build | Watch Tower |
| 16:29 | Build | Farm |
| 16:30 | Build | Farm |
| 16:41 | Build | Palisade Wall |
| 16:48 | Create | Archer |
| 16:52 | Build | Farm |
| 16:53 | Build | Farm |
| 17:02 | Build | Farm |
| 17:17 | Build | Farm |
| 17:17 | Create | Villager (Male) |
| 17:19 | Build | Farm |
| 17:23 | Create | Archer |
| 17:31 | Build | Farm |
| 17:34 | Build | House |
| 17:42 | Create | Villager (Male) |
| 17:52 | Build | Farm |
| 18:00 | Build | Watch Tower |
| 18:07 | Create | Archer |
| 18:08 | Create | Villager (Male) |
| 18:14 | Create | Villager (Male) |
| 18:23 | Build | Farm |
| 18:31 | Create | Villager (Male) |
| 18:37 | Build | Farm |
| 18:44 | Build | Watch Tower |
| 18:44 | Create | Villager (Male) |
| 18:44 | Create | Villager (Male) |
| 18:50 | Create | Archer |
| 18:54 | Build | Farm |
| 18:55 | Create | Villager (Male) |
| 19:09 | Create | Villager (Male) |
| 19:14 | Build | Farm |
| 19:17 | Build | Farm |
| 19:22 | Create | Villager (Male) |
| 19:30 | Create | Archer |
| 19:35 | Create | Villager (Male) |
| 19:38 | Build | Mining Camp |
| 19:50 | Create | Villager (Male) |
| 20:13 | Build | Farm |
| 20:13 | Create | Villager (Male) |
| 20:17 | Build | Farm |
| 20:20 | Build | Farm |
| 20:21 | Create | Villager (Male) |
| 20:28 | Create | Archer |
| 21:04 | Build | Lumber Camp |
| 21:12 | Research | Castle Age |
| 21:48 | Build | Watch Tower |
| 21:49 | Create | Archer ×2 |
| 22:26 | Research | Gold Mining |
| 22:26 | Research | Stone Mining |
| 22:39 | Create | Archer |
Match timeline
| 4:59 | VENÓN | AsMelodiant · wall_segment Palisade Wall x1 |
| 5:00 | VENÓN | AsMelodiant · wall_segment Palisade Wall x1 |
| 5:00 | VENÓN | AsMelodiant · wall_segment Palisade Wall x1 |
| 5:00 | BruToO · wall_segment Palisade Wall x1 |
| 5:01 | VENÓN | AsMelodiant · wall_segment Palisade Wall x1 |
| 5:01 | BruToO · wall_segment Palisade Wall x1 |
| 5:02 | BruToO · wall_segment Palisade Wall x1 |
| 5:04 | VENÓN | AsMelodiant · wall_segment Palisade Wall x1 |
| 5:06 | VENÓN | AsMelodiant · wall_segment Palisade Wall x1 |
| 5:06 | VENÓN | AsMelodiant · wall_segment Palisade Wall x1 |
| 5:09 | VENÓN | AsMelodiant · wall_segment Palisade Wall x1 |
| 5:10 | VENÓN | AsMelodiant · wall_segment Palisade Wall x1 |
| 5:15 | BruToO · wall_segment Palisade Wall x1 |
| 5:19 | BruToO · wall_segment Palisade Wall x1 |
| 5:32 | BruToO · wall_segment Palisade Wall x1 |
| 5:39 | BruToO · wall_segment Palisade Wall x1 |
| 5:41 | BruToO · wall_segment Palisade Wall x1 |
| 5:44 | BruToO · wall_segment Palisade Wall x1 |
| 5:46 | BruToO · wall_segment Palisade Wall x1 |
| 5:55 | VENÓN | AsMelodiant · wall_segment Palisade Wall x1 |
| 5:57 | VENÓN | AsMelodiant · wall_segment Palisade Wall x1 |
| 6:05 | VENÓN | AsMelodiant · wall_segment Palisade Wall x1 |
| 6:08 | VENÓN | AsMelodiant · wall_segment Palisade Wall x1 |
| 7:13 | VENÓN | Miauricio · age_up feudal |
| 8:02 | fouseyfire · wall_segment Palisade Wall x6 |
| 8:21 | fouseyfire · wall_segment Palisade Wall x6 |
| 8:23 | fouseyfire · wall_segment Palisade Wall x1 |
| 8:23 | fouseyfire · wall_segment Palisade Wall x1 |
| 9:04 | fouseyfire · wall_segment Palisade Wall x3 |
| 9:16 | VENÓN | EnvyZ · first_building Barracks |
| 10:05 | fouseyfire · age_up feudal |
| 10:08 | Mo_Tastic · age_up feudal |
| 10:31 | VENÓN | EnvyZ · age_up feudal |
| 10:39 | VENÓN | EnvyZ · first_building Stable |
| 11:34 | VENÓN | AsMelodiant · age_up feudal |
| 11:46 | Ux'Caguamas · age_up feudal |
| 11:47 | VENÓN | SiNisTeR · age_up feudal |
| 12:01 | BruToO · age_up feudal |
| 12:49 | VENÓN | Miauricio · first_building Barracks |
| 12:52 | fouseyfire · wall_segment Stone Wall x1 |
| 12:53 | fouseyfire · wall_segment Stone Wall x1 |
| 12:53 | fouseyfire · wall_segment Stone Wall x2 |
| 12:53 | fouseyfire · wall_segment Stone Wall x1 |
| 12:54 | fouseyfire · wall_segment Stone Wall x1 |
| 12:54 | fouseyfire · wall_segment Stone Wall x1 |
| 12:55 | fouseyfire · wall_segment Stone Wall x1 |
| 12:55 | fouseyfire · wall_segment Stone Wall x2 |
| 12:55 | fouseyfire · wall_segment Stone Wall x1 |
| 12:55 | fouseyfire · wall_segment Stone Wall x1 |
| 12:56 | fouseyfire · wall_segment Stone Wall x1 |
| 13:38 | Mo_Tastic · age_up castle |
| 13:52 | Ux'Caguamas · wall_segment Palisade Wall x5 |
| 13:56 | Ux'Caguamas · wall_segment Palisade Wall x5 |
| 13:58 | Ux'Caguamas · wall_segment Palisade Wall x1 |
| 14:03 | VENÓN | Miauricio · first_building Archery Range |
| 14:04 | Ux'Caguamas · wall_segment Palisade Wall x9 |
| 14:09 | Ux'Caguamas · wall_segment Palisade Wall x1 |
| 14:10 | Ux'Caguamas · wall_segment Palisade Wall x1 |
| 14:13 | VENÓN | EnvyZ · age_up castle |
| 14:20 | Mo_Tastic · first_building Monastery |
| 14:33 | fouseyfire · first_market_buy 100 food |
| 14:45 | VENÓN | SiNisTeR · first_market_buy 100 stone |
| 14:51 | VENÓN | EnvyZ · first_building Monastery |
| 15:20 | Ux'Caguamas · age_up castle |
| 15:21 | VENÓN | SiNisTeR · age_up castle |
| 15:29 | VENÓN | AsMelodiant · age_up castle |
| 15:35 | Mo_Tastic · first_market_buy 100 food |
| 15:39 | BruToO · age_up castle |
| 15:51 | BruToO · first_building Castle |
| 16:15 | VENÓN | AsMelodiant · first_market_buy 100 food |
| 16:41 | VENÓN | Miauricio · wall_segment Palisade Wall x1 |
| 19:45 | VENÓN | AsMelodiant · first_building Castle |
| 20:21 | fouseyfire · age_up castle |
| 20:33 | Ux'Caguamas · first_building Siege Workshop |
| 21:47 | VENÓN | EnvyZ · first_building Archery Range |
| 23:03 | Mo_Tastic · first_market_sell 100 wood |
| 23:18 | Mo_Tastic · first_building Barracks |
| 23:36 | VENÓN | SiNisTeR · first_building Castle |
| 23:44 | VENÓN | EnvyZ · wall_segment Stone Wall x1 |
| 23:52 | VENÓN | Miauricio · age_up castle |
| 24:09 | Ux'Caguamas · first_market_sell 100 wood |
| 24:15 | Mo_Tastic · first_building Archery Range |
| 25:05 | VENÓN | SiNisTeR · first_building Barracks |
| 25:09 | fouseyfire · first_building Castle |
| 25:17 | VENÓN | Miauricio · first_building Siege Workshop |
| 25:30 | fouseyfire · first_market_sell 100 wood |
| 25:33 | Ux'Caguamas · first_building Castle |
| 25:44 | VENÓN | SiNisTeR · first_building Siege Workshop |
| 26:10 | VENÓN | AsMelodiant · first_market_sell 500 wood |
| 26:21 | Mo_Tastic · age_up imperial |
| 26:30 | Mo_Tastic · first_building Castle |
| 26:38 | VENÓN | AsMelodiant · first_building Barracks |
| 26:52 | fouseyfire · first_building Barracks |
| 27:15 | VENÓN | SiNisTeR · first_market_sell 100 food |
| 27:56 | fouseyfire · first_building Stable |
| 27:56 | VENÓN | Miauricio · first_market_buy 100 stone |
| 28:03 | VENÓN | Miauricio · first_market_sell 100 food |
| 28:26 | VENÓN | SiNisTeR · age_up imperial |
| 28:49 | VENÓN | EnvyZ · first_building Castle |
| 28:53 | Ux'Caguamas · first_building Barracks |
| 29:13 | VENÓN | AsMelodiant · first_building Siege Workshop |
| 29:17 | BruToO · first_building Barracks |
| 29:23 | VENÓN | AsMelodiant · age_up imperial |
| 29:39 | fouseyfire · age_up imperial |
| 30:13 | VENÓN | EnvyZ · age_up imperial |
| 31:01 | BruToO · first_building Stable |
| 31:02 | VENÓN | SiNisTeR · tribute_sent a jugador 1 |
| 31:02 | VENÓN | SiNisTeR · tribute_sent a jugador 2 |
| 31:02 | VENÓN | SiNisTeR · tribute_sent a jugador 3 |
| 31:02 | VENÓN | SiNisTeR · tribute_sent a jugador 4 |
| 31:02 | VENÓN | SiNisTeR · tribute_sent a jugador 5 |
| 31:02 | VENÓN | SiNisTeR · tribute_sent a jugador 7 |
| 31:02 | VENÓN | SiNisTeR · tribute_sent a jugador 8 |
| 31:05 | VENÓN | EnvyZ · first_market_sell 100 food |
| 31:16 | VENÓN | Miauricio · wall_segment Stone Wall x1 |
| 31:16 | Ux'Caguamas · age_up imperial |
| 31:26 | Ux'Caguamas · first_market_buy 100 food |
| 31:51 | VENÓN | EnvyZ · first_market_buy 100 stone |
| 32:16 | BruToO · age_up imperial |
| 32:36 | Ux'Caguamas · first_building Stable |
| 32:51 | Ux'Caguamas · first_building Archery Range |
| 33:55 | fouseyfire · resign |
| 36:24 | VENÓN | Miauricio · age_up imperial |
[ AI ANALYSIS · 1 CREDIT ]
What really happened in this match?
Wolo.gg analyzes every decision: build order, eco, micro, common mistakes by bracket. Personalized analysis on WhatsApp or Discord in 30 seconds.
Civ guide
Vietnamese
Perfil
Jugador #235877